 Dungeon Crawl Stone Soup version 0.31-a0-1612-g4aaf141 (webtiles) character file.

Game seed: 1189141716933250717

432 PidgeyThePirate the Chopper (level 6, 0/48 HPs)
             Began as a Demonspawn Chaos Knight on Jan 9, 2024.
             Was a Plaything of Xom.
             Succumbed to a scorpion's poison
             ... on level 4 of the Dungeon.
             The game lasted 00:06:17 (2423 turns).

PidgeyThePirate the Chopper (DsCK)                  Turns: 2423, Time: 00:06:17

Health: 0/48       AC:  5    Str: 14    XL:     6   Next: 67%
Magic:  9/9        EV: 11    Int: 13    God:    Xom [....*.]
Gold:   126        SH:  4    Dex: 12    Spells: 7/9 levels left

rFire   . . .        a - +0 hand axe (chaos)
rCold   . . .        c - +0 buckler
rNeg    . . .        b - +2 leather armour
rPois   .            (no helmet)
rElec   .            (no cloak)
rCorr   .            (no gloves)
SInv    .            (no boots)
Will    .....        (no amulet)
Stlth   +            p - ring of wizardry
HPRegen 0.28/turn    (no ring)
MPRegen 0.11/turn

%: wizardry (x1)
@: brilliant, lethally poisoned (0 -> -1), about to teleport
A: demonic magic 1, hooves 1, wild magic 2
a: Renounce Religion


You were on level 4 of the Dungeon.
You worshipped Xom.
You were a beloved toy of Xom.
You visited 1 branch of the dungeon, and saw 5 of its levels.

You collected 126 gold pieces.

Inventory:

Hand Weapons
 a - a +0 hand axe of chaos (weapon)
Armour
 b - a +2 leather armour (worn)
 c - a +0 buckler (worn)
Jewellery
 p - a ring of wizardry (left hand)
Scrolls
 g - a scroll of summoning
Potions
 d - a potion of degeneration


   Skills:
 + Level 4.0 Fighting
 + Level 4.4 Axes
 + Level 3.1 Armour
 + Level 2.4 Dodging
 + Level 0.6 Stealth
 + Level 0.1 Shields
 * Level 2.2 Spellcasting


You had 7 spell levels left.
You knew the following spells:

 Your Spells              Type           Power      Damage    Failure   Level
a - Mercury Vapours       Alch/Air       6%         N/A       38%         2

Your spell library contained the following spells:

 Spells                   Type           Power      Damage    Failure   Level
 Mephitic Cloud           Conj/Alch/Air  3%         N/A       58%         3
 Freezing Cloud           Conj/Ice/Air   1%         6-21      99%         5


Dungeon Overview and Level Annotations

Branches:
Dungeon (5/15)
 Temple: D:4-7

Altars:
Dithmenos
Hepliaklqana
Trog

Shops:
D:5 !(

Annotations:
D:5 Edmund


Innate Abilities, Weirdness & Mutations

Spells you cast may paralyse adjacent enemies.
You have large cloven feet.
Your spells are harder to cast, but more powerful.


Message History

It was a potion of brilliance.
You feel clever all of a sudden.
* * * LOW HITPOINT WARNING * * *
You feel very sick. You block the scorpion's attack.
Okay, then.
You hit the scorpion. You burn the scorpion.
You kill the scorpion!
* * * LOW HITPOINT WARNING * * *
You feel very sick.
As you read the scroll labelled FIXKOGGIANE, it crumbles to dust.
Wisps of shadow whirl around you...
It was a scroll of summoning.
* * * LOW HITPOINT WARNING * * *
You feel sick.
As you read the scroll labelled BUCZIB JUMONO, it dissolves into smoke.
It was a scroll of fog.
* * * LOW HITPOINT WARNING * * *
You feel sick.
As you read the scroll labelled RATZAW ACA, it crumbles to dust.
The creatures around you are filled with an inner flame!
It was a scroll of immolation.
* * * LOW HITPOINT WARNING * * *
You feel sick.
As you read the scroll labelled NOCUONNALL, it crumbles to dust.
You feel strangely unstable.
It was a scroll of teleportation.
* * * LOW HITPOINT WARNING * * *
You feel sick.
As you read the scroll labelled IRRIOG HAIK, it crumbles to dust.
You feel aware of your surroundings.
It was a scroll of revelation.
* * * LOW HITPOINT WARNING * * *
You feel sick.
Found a stone staircase leading up.
As you read the scroll labelled QOMEOBLAE NIGE, it crumbles to dust.
It is a scroll of identify.
You don't currently have any unidentified items.
* * * LOW HITPOINT WARNING * * *
You feel sick.
You swap places.
You die...
Xom cackles wildly!

,,*##**###.##.....#
,,,...*#..........#
,***#..#.#..############
,,,,*#..,#.#############
,,,,*#...#.#############
,,,,**,#.......§§...####
,,,,,,,###.##.§§§§§§####
,,,,,,,*#..##.§§§§§§####
,,,,,*,.....##§§@g§§####
,,,,,,##..#..§§§gg..####
,,,,*,*#..###§§§KJ§§####
,,,,*,*#######§§§§§§####***
,,,,*,***######§###.....,,*
***,*,,,,<.......##$....,,*
*,*****######.........,,*
*,,** #######.##.....,,*
**,,** #######.##.....,,*


You could see 3 friendly gnolls, a friendly endoplasm (summoned, inner flame)
and a friendly kobold (summoned, inner flame).

Vanquished Creatures
  2 scorpions
  A hound (D:4)
  A jelly (D:5)
  An iguana (D:2)
  2 gnolls (D:3)
  4 adders
  2 dart slugs
  2 orcs
  4 ball pythons
  10 bats
  4 endoplasms
  3 giant cockroaches
  4 goblins
  6 hobgoblins
  5 quokkas
  2 frilled lizards (D:1)
  8 kobolds
  6 rats
67 creatures vanquished.

Vanquished Creatures (collateral kills)
  A water moccasin (D:3)
  A kobold (D:3)
2 creatures vanquished.

Grand Total: 69 creatures vanquished

Notes
Turn   | Place    | Note
-------+----------+-------------------------------------------
     0 | D:1      | PidgeyThePirate the Demonspawn Chaos Knight began the quest
                  | for the Orb.
     0 | D:1      | Reached XP level 1. HP: 18/18 MP: 1/1
    95 | D:1      | Gained mutation: Spells you cast may paralyse adjacent
                  | enemies. [demonic ancestry]
    95 | D:1      | Reached XP level 2. HP: 19/24 MP: 2/2
   372 | D:1      | XOM: divination: detect creatures
   491 | D:1      | XOM: silly message
   507 | D:1      | XOM: silly message
   766 | D:2      | Reached XP level 3. HP: 25/29 MP: 3/3
   901 | D:2      | Reached skill level 1 in Dodging
  1065 | D:2      | Found a faded altar of an unknown god.
  1171 | D:2      | XOM: divination: magic mapping
  1597 | D:3      | Found a bloodstained altar of Trog.
  1597 | D:3      | XOM: divination: magic mapping
  1619 | D:2      | Reached XP level 4. HP: 22/37 MP: 3/5
  1682 | D:3      | Reached skill level 1 in Spellcasting
  1701 | D:3      | XOM: 2-stop teleportation journey
  1807 | D:3      | Noticed a water moccasin
  1839 | D:3      | XOM: summons 4 friendly demons
  1851 | D:3      | Killed a water moccasin
  1852 | D:3      | Reached XP level 5. HP: 20/42 MP: 5/7
  1964 | D:3      | Found a hazy altar of Hepliaklqana.
  1987 | D:3      | Learned a level 2 spell: Mercury Vapours
  2091 | D:3      | You fall into a shaft and drop 2 floors!
  2091 | D:5      | Entered Level 5 of the Dungeon
  2126 | D:5      | Found Laudiu's Distillery.
  2131 | D:5      | Found Fyemig's Weapon Shoppe.
  2148 | D:5      | Reached XP level 6. HP: 34/48 MP: 7/9
  2256 | D:5      | Noticed Edmund
  2258 | D:5      | Found a shadowy altar of Dithmenos.
  2414 | D:4      | Gained mutation: Your spells are a little harder to cast,
                  | but a little more powerful. [potion of mutation]
  2414 | D:4      | Gained mutation: Your spells are harder to cast, but more
                  | powerful. [potion of mutation]
  2414 | D:4      | Gained mutation: You have large cloven feet. [potion of
                  | mutation]
  2420 | D:4      | HP: 2/48 [poisoned by a scorpion]
  2423 | D:4      | Succumbed to a scorpion's poison

Illustrated notes

Levels and vault maps discovered:
D:1:      beargit_arrival_greenhouse, layout_loops_ring
D:2:      layout_loops_ring, chequers_ecumenical_altar_lobes
D:3:      wad_woods_stonehenge, layout_basic,
          mainiacjoe_overflow_concentric_impassable, overflow_temple_1_default,
          feat_on_display
D:4:      layout_rooms, kennysheep_decorative_pillar, uniq_robin
D:5:      layout_loops_cross, nicolae_dithmenos_the_darkroom,
          lemuel_zombie_altar_yredelemnul, serial_shops,
          nicolae_take_the_stairs, shop, shop, nicolae_shop_back_alley_shop,
          shop, gammafunk_ghost_cemetery, uniq_edmund, uniq_blork_the_orc

Skill      XL: |  1  2  3  4  5  6 |
---------------+-------------------+-----
Armour         | 2 3 |  3.1
Axes           | 3 4 |  4.4
Dodging        | 1 2 |  2.4
Spellcasting   | 1 2 |  2.2
Fighting       | 4 |  4.0
Stealth        | |  0.6
Shields        | |  0.1

Action                     |  1- 3 |  4- 6 || total
---------------------------+-------+-------++-------
  Melee: Hand axe          |   140 |    96 ||   236
         Punch             |     4 |       ||     4
    Use: Potion            |     2 |     4 ||     6
         Scroll            |       |     7 ||     7
 Armour: Leather armour    |   130 |    77 ||   207
  Dodge: Dodged            |   139 |    57 ||   196
  Block: Buckler           |       |     8 ||     8

Table legend: (Time is in decaauts)
 A = Elapsed time spent in this place.
 B = Non-inter-level travel time spent in this place.
 C = Inter-level travel time spent in this place.
 D = Time resting spent in this place.
 E = Time spent auto-exploring this place.
 F = Levels seen in this place.
 G = Mean time per level.
                   A        B        C        D        E       F      G
               +--------+--------+--------+--------+--------+-----+--------+
         Total |   2456 |   2374 |     82 |      0 |   1638 |   5 |  491.2 |
       Dungeon |   2456 |   2374 |     82 |      0 |   1638 |   5 |  491.2 |
               +--------+--------+--------+--------+--------+-----+--------+

Top non-repeatable levels by time:
     D:2: 942 daAuts
     D:1: 741 daAuts
     D:3: 433 daAuts
     D:5: 181 daAuts
     D:4: 157 daAuts
